[ AOE2 MATCH · #506493567 ]
UnrankedSpanish vs Bengalis
Player's team · LOSS
Rival team · WIN
[ REPLAY ANALYSIS · EXTRACTED FROM THE RECORDED GAME ]
Feudal
24:57
Castle
29:15
Imperial
—
| APM avg | 66.8 |
| APM peak | 136 |
| eAPM avg | 35.9 |
| Villagers / military | 67 / 10 |
Focus
⚔️ 29.4% · 🌾 70.6%
Conquistador ×8 · Petard ×2
Feudal
24:01
Castle
33:19
Imperial
—
| APM avg | 46.2 |
| APM peak | 93 |
| eAPM avg | 29.6 |
| Villagers / military | 79 / 0 |
Focus
⚔️ 31.6% · 🌾 68.4%
Match map
Initial resources + every placement click. Lines = walls · curves = elevation contours. ◆ gold · ⬟ stone · ● berries · ✦ relic · ◌ wall gap
Your base· ✓ Closed at 29:15 · 47t walls · 2 gate(s)
MatzeAoE's base· ✓ Closed at 33:19 · 51t walls · no gate
Smoothed initial terrain · ◌ = detected wall gap · hover for details
Inputs per minute
— Macluffy - - MatzeAoE
Build order — Macluffy
First 150 of 162 actions detected
| 0:01 | Create | Villager (Male) |
| 0:02 | Build | House |
| 0:04 | Build | House |
| 0:13 | Research | Loom |
| 0:14 | Create | Villager (Male) |
| 0:19 | Research | Loom |
| 0:20 | Create | Villager (Male) |
| 0:28 | Build | House |
| 0:38 | Create | Villager (Male) |
| 0:52 | Build | Palisade Wall |
| 1:57 | Build | Palisade Wall |
| 2:03 | Create | Villager (Male) |
| 2:06 | Build | Palisade Wall |
| 2:12 | Build | Palisade Wall |
| 2:51 | Create | Villager (Male) |
| 2:56 | Build | Palisade Gate |
| 3:03 | Build | Palisade Wall |
| 3:05 | Build | Palisade Wall |
| 3:24 | Build | Palisade Wall |
| 3:33 | Create | Villager (Male) |
| 3:44 | Build | Palisade Wall |
| 3:49 | Build | Palisade Wall |
| 3:49 | Build | Palisade Wall |
| 3:55 | Build | Palisade Wall |
| 3:58 | Create | Villager (Male) |
| 4:09 | Build | Palisade Wall |
| 4:22 | Create | Villager (Male) |
| 4:51 | Create | Villager (Male) |
| 5:24 | Create | Villager (Male) |
| 5:29 | Build | House |
| 5:38 | Create | Villager (Male) |
| 6:01 | Create | Villager (Male) |
| 6:19 | Create | Villager (Male) |
| 6:48 | Create | Villager (Male) |
| 6:55 | Build | Palisade Wall |
| 7:02 | Build | Palisade Gate |
| 7:13 | Create | Villager (Male) |
| 7:20 | Build | House |
| 7:34 | Create | Villager (Male) |
| 8:00 | Create | Villager (Male) |
| 8:04 | Create | Villager (Male) |
| 8:22 | Create | Villager (Male) |
| 8:37 | Create | Villager (Male) |
| 9:07 | Create | Villager (Male) |
| 9:16 | Create | Villager (Male) |
| 9:23 | Create | Villager (Male) |
| 9:24 | Build | House |
| 10:16 | Build | House |
| 10:59 | Create | Villager (Male) |
| 11:08 | Create | Villager (Male) |
| 11:20 | Create | Villager (Male) |
| 11:22 | Create | Villager (Male) |
| 11:25 | Create | Villager (Male) |
| 11:25 | Create | Villager (Male) |
| 11:41 | Create | Villager (Male) |
| 11:51 | Create | Villager (Male) |
| 12:10 | Create | Villager (Male) |
| 12:28 | Create | Villager (Male) |
| 13:44 | Build | House |
| 13:53 | Build | House |
| 13:58 | Create | Villager (Male) |
| 14:35 | Create | Villager (Male) |
| 14:40 | Build | Palisade Wall |
| 14:43 | Build | Palisade Wall |
| 15:01 | Create | Villager (Male) |
| 15:08 | Build | Lumber Camp |
| 15:35 | Create | Villager (Male) |
| 16:17 | Build | Palisade Wall |
| 16:22 | Build | Palisade Gate |
| 16:29 | Create | Villager (Male) |
| 16:29 | Create | Villager (Male) |
| 17:04 | Create | Villager (Male) |
| 17:16 | Build | Mill |
| 17:58 | Build | House |
| 18:01 | Build | Palisade Wall |
| 18:16 | Create | Villager (Male) |
| 18:41 | Build | Palisade Wall |
| 18:44 | Create | Villager (Male) |
| 18:48 | Create | Villager (Male) |
| 18:54 | Build | Farm |
| 18:54 | Build | Farm |
| 18:54 | Build | Farm |
| 18:55 | Build | Farm |
| 18:56 | Create | Villager (Male) |
| 19:21 | Build | Palisade Wall |
| 19:35 | Build | Palisade Wall |
| 19:44 | Create | Villager (Male) |
| 20:03 | Build | Palisade Gate |
| 20:08 | Build | Palisade Wall |
| 20:13 | Create | Villager (Male) |
| 20:23 | Create | Villager (Male) |
| 20:27 | Build | House |
| 21:10 | Create | Villager (Male) |
| 21:14 | Build | Palisade Wall |
| 21:34 | Build | Palisade Wall |
| 21:36 | Build | Palisade Wall |
| 21:44 | Create | Villager (Male) |
| 21:46 | Build | Farm |
| 21:54 | Build | Palisade Wall |
| 21:55 | Build | Palisade Wall |
| 21:55 | Build | Palisade Wall |
| 22:05 | Build | Mining Camp |
| 22:12 | Create | Villager (Male) |
| 22:29 | Build | House |
| 22:36 | Build | Farm |
| 22:47 | Research | Feudal Age |
| 22:56 | Build | Farm |
| 23:07 | Build | Farm |
| 23:30 | Build | Farm |
| 23:47 | Create | Villager (Male) |
| 24:46 | Build | Palisade Wall |
| 24:57 | Age | Feudal Age |
| 25:03 | Build | Stone Wall |
| 25:04 | Build | Stone Wall |
| 25:09 | Build | Market |
| 25:11 | Build | Blacksmith |
| 25:18 | Create | Villager (Male) |
| 25:34 | Build | Mining Camp |
| 26:05 | Create | Villager (Male) |
| 26:13 | Build | Market |
| 26:35 | Research | Castle Age |
| 26:49 | Create | Villager (Male) |
| 27:37 | Create | Villager (Male) |
| 27:54 | Research | Double-Bit Axe |
| 28:08 | Build | Market |
| 28:12 | Research | Horse Collar |
| 28:23 | Build | House |
| 28:44 | Create | Villager (Male) |
| 28:45 | Build | House |
| 29:08 | Create | Villager (Male) |
| 29:15 | Age | Castle Age |
| 29:26 | Build | Castle |
| 29:49 | Create | Villager (Male) |
| 29:54 | Build | Castle |
| 30:10 | Create | Villager (Male) |
| 30:19 | Build | House |
| 30:23 | Build | Palisade Wall |
| 30:32 | Build | House |
| 30:41 | Create | Villager (Male) |
| 30:53 | Create | Conquistador |
| 30:54 | Create | Villager (Male) |
| 31:25 | Create | Villager (Male) |
| 31:41 | Build | Palisade Wall |
| 31:46 | Build | Palisade Wall |
| 31:52 | Build | Castle |
| 31:52 | Create | Villager (Male) |
| 32:04 | Create | Conquistador |
| 32:07 | Build | Farm |
| 32:38 | Research | Fletching |
| 32:45 | Create | Conquistador |
Build order — MatzeAoE
First 150 of 188 actions detected
| 0:01 | Create | Villager (Male) |
| 0:01 | Create | Villager (Male) |
| 0:02 | Build | House |
| 0:04 | Build | House |
| 0:08 | Create | Villager (Male) |
| 0:08 | Create | Villager (Male) |
| 1:04 | Research | Loom |
| 1:06 | Create | Villager (Male) |
| 1:17 | Create | Villager (Male) |
| 1:50 | Create | Villager (Male) |
| 1:53 | Build | Palisade Wall |
| 1:55 | Build | Palisade Wall |
| 1:56 | Build | Palisade Wall |
| 1:58 | Build | Palisade Wall |
| 2:05 | Build | Palisade Wall |
| 2:06 | Build | Palisade Wall |
| 2:07 | Build | Palisade Wall |
| 2:07 | Build | Palisade Wall |
| 2:08 | Build | Palisade Wall |
| 2:22 | Create | Villager (Male) |
| 3:03 | Create | Villager (Male) |
| 3:04 | Create | Villager (Male) |
| 3:34 | Create | Villager (Male) |
| 4:00 | Create | Villager (Male) |
| 4:25 | Create | Villager (Male) |
| 4:33 | Build | Palisade Wall |
| 4:34 | Build | Palisade Wall |
| 4:45 | Create | Villager (Male) |
| 4:45 | Create | Villager (Male) |
| 4:55 | Build | House |
| 5:05 | Create | Villager (Male) |
| 5:40 | Create | Villager (Male) |
| 5:56 | Create | Villager (Male) |
| 6:04 | Create | Villager (Male) |
| 6:28 | Create | Villager (Male) |
| 6:47 | Create | Villager (Male) |
| 7:10 | Create | Villager (Male) |
| 7:13 | Build | House |
| 7:33 | Create | Villager (Male) |
| 8:08 | Create | Villager (Male) |
| 8:08 | Create | Villager (Male) |
| 8:16 | Create | Villager (Male) |
| 8:26 | Build | House |
| 8:35 | Create | Villager (Male) |
| 8:38 | Create | Villager (Male) |
| 9:26 | Build | House |
| 9:33 | Create | Villager (Male) |
| 9:33 | Create | Villager (Male) |
| 9:35 | Build | Palisade Wall |
| 9:42 | Build | Palisade Wall |
| 9:43 | Build | Palisade Wall |
| 9:46 | Build | Palisade Wall |
| 9:49 | Build | Palisade Wall |
| 9:52 | Build | Palisade Wall |
| 9:58 | Create | Villager (Male) |
| 10:02 | Create | Villager (Male) |
| 10:08 | Create | Villager (Male) |
| 10:11 | Build | Palisade Wall |
| 10:15 | Create | Villager (Male) |
| 10:24 | Create | Villager (Male) |
| 10:25 | Create | Villager (Male) |
| 10:32 | Build | House |
| 10:35 | Build | House |
| 10:37 | Build | Palisade Wall |
| 11:14 | Build | Palisade Wall |
| 11:16 | Build | Palisade Wall |
| 11:18 | Build | Palisade Wall |
| 12:14 | Build | House |
| 12:26 | Build | Palisade Wall |
| 13:43 | Build | Mill |
| 14:51 | Build | Palisade Wall |
| 14:54 | Create | Villager (Male) |
| 15:03 | Build | Palisade Wall |
| 15:16 | Create | Villager (Male) |
| 15:38 | Create | Villager (Male) |
| 16:06 | Create | Villager (Male) |
| 16:12 | Build | Lumber Camp |
| 16:21 | Build | Palisade Wall |
| 16:22 | Build | Palisade Wall |
| 16:38 | Build | Farm |
| 16:40 | Create | Villager (Male) |
| 16:47 | Create | Villager (Male) |
| 17:09 | Build | Farm |
| 17:24 | Create | Villager (Male) |
| 17:41 | Build | Farm |
| 17:56 | Create | Villager (Male) |
| 18:03 | Create | Villager (Male) |
| 18:06 | Build | Palisade Wall |
| 18:08 | Build | Palisade Wall |
| 18:12 | Build | Palisade Wall |
| 18:13 | Build | Palisade Wall |
| 18:34 | Create | Villager (Male) |
| 18:35 | Create | Villager (Male) |
| 18:45 | Build | Palisade Wall |
| 19:11 | Create | Villager (Male) |
| 19:13 | Create | Villager (Male) |
| 19:13 | Create | Villager (Male) |
| 19:24 | Create | Villager (Male) |
| 19:37 | Build | Palisade Wall |
| 19:42 | Build | Palisade Wall |
| 19:44 | Create | Villager (Male) |
| 19:45 | Create | Villager (Male) |
| 19:49 | Build | Lumber Camp |
| 19:52 | Build | Lumber Camp |
| 19:53 | Create | Villager (Male) |
| 19:58 | Create | Villager (Male) |
| 20:28 | Build | House |
| 20:34 | Create | Villager (Male) |
| 20:39 | Build | Palisade Wall |
| 20:46 | Build | Palisade Wall |
| 20:47 | Create | Villager (Male) |
| 20:59 | Create | Villager (Male) |
| 21:16 | Build | Palisade Wall |
| 21:20 | Create | Villager (Male) |
| 21:30 | Build | House |
| 21:36 | Build | Palisade Wall |
| 21:49 | Research | Feudal Age |
| 21:51 | Build | Mining Camp |
| 22:11 | Build | Farm |
| 22:50 | Build | Lumber Camp |
| 23:14 | Build | Farm |
| 23:34 | Create | Villager (Male) |
| 24:01 | Age | Feudal Age |
| 24:18 | Build | Watch Tower |
| 24:18 | Create | Villager (Male) |
| 24:22 | Build | Blacksmith |
| 24:23 | Research | Double-Bit Axe |
| 24:26 | Research | Horse Collar |
| 24:29 | Build | Farm |
| 24:30 | Build | Farm |
| 24:31 | Build | Farm |
| 24:36 | Create | Villager (Male) |
| 24:57 | Build | Lumber Camp |
| 25:11 | Research | Fletching |
| 25:13 | Create | Villager (Male) |
| 25:42 | Create | Villager (Male) |
| 26:10 | Create | Villager (Male) |
| 26:17 | Build | Farm |
| 26:18 | Build | Farm |
| 26:19 | Build | Farm |
| 26:19 | Build | Farm |
| 26:22 | Create | Villager (Male) |
| 26:33 | Build | House |
| 26:34 | Build | House |
| 26:39 | Research | Wheelbarrow |
| 26:55 | Create | Villager (Male) |
| 26:58 | Build | Palisade Wall |
| 27:15 | Create | Villager (Male) |
| 27:40 | Create | Villager (Male) |
| 27:52 | Build | Farm |
Match timeline
| 0:52 | Macluffy · wall_segment Palisade Wall x10 |
| 1:53 | MatzeAoE · wall_segment Palisade Wall x1 |
| 1:55 | MatzeAoE · wall_segment Palisade Wall x1 |
| 1:56 | MatzeAoE · wall_segment Palisade Wall x1 |
| 1:57 | Macluffy · wall_segment Palisade Wall x1 |
| 1:58 | MatzeAoE · wall_segment Palisade Wall x1 |
| 2:05 | MatzeAoE · wall_segment Palisade Wall x1 |
| 2:06 | MatzeAoE · wall_segment Palisade Wall x1 |
| 2:06 | Macluffy · wall_segment Palisade Wall x1 |
| 2:07 | MatzeAoE · wall_segment Palisade Wall x1 |
| 2:07 | MatzeAoE · wall_segment Palisade Wall x1 |
| 2:08 | MatzeAoE · wall_segment Palisade Wall x1 |
| 2:12 | Macluffy · wall_segment Palisade Wall x1 |
| 3:03 | Macluffy · wall_segment Palisade Wall x1 |
| 3:05 | Macluffy · wall_segment Palisade Wall x1 |
| 3:24 | Macluffy · wall_segment Palisade Wall x1 |
| 3:44 | Macluffy · wall_segment Palisade Wall x1 |
| 3:49 | Macluffy · wall_segment Palisade Wall x1 |
| 3:49 | Macluffy · wall_segment Palisade Wall x1 |
| 3:55 | Macluffy · wall_segment Palisade Wall x1 |
| 4:09 | Macluffy · wall_segment Palisade Wall x1 |
| 4:33 | MatzeAoE · wall_segment Palisade Wall x1 |
| 4:34 | MatzeAoE · wall_segment Palisade Wall x1 |
| 6:55 | Macluffy · wall_segment Palisade Wall x1 |
| 9:35 | MatzeAoE · wall_segment Palisade Wall x1 |
| 9:42 | MatzeAoE · wall_segment Palisade Wall x1 |
| 9:43 | MatzeAoE · wall_segment Palisade Wall x1 |
| 9:46 | MatzeAoE · wall_segment Palisade Wall x1 |
| 9:49 | MatzeAoE · wall_segment Palisade Wall x5 |
| 9:52 | MatzeAoE · wall_segment Palisade Wall x1 |
| 10:11 | MatzeAoE · wall_segment Palisade Wall x1 |
| 10:37 | MatzeAoE · wall_segment Palisade Wall x1 |
| 11:14 | MatzeAoE · wall_segment Palisade Wall x1 |
| 11:16 | MatzeAoE · wall_segment Palisade Wall x1 |
| 11:18 | MatzeAoE · wall_segment Palisade Wall x1 |
| 12:26 | MatzeAoE · wall_segment Palisade Wall x1 |
| 14:40 | Macluffy · wall_segment Palisade Wall x1 |
| 14:43 | Macluffy · wall_segment Palisade Wall x1 |
| 14:51 | MatzeAoE · wall_segment Palisade Wall x3 |
| 15:03 | MatzeAoE · wall_segment Palisade Wall x5 |
| 16:17 | Macluffy · wall_segment Palisade Wall x1 |
| 16:21 | MatzeAoE · wall_segment Palisade Wall x1 |
| 16:22 | MatzeAoE · wall_segment Palisade Wall x1 |
| 18:01 | Macluffy · wall_segment Palisade Wall x1 |
| 18:06 | MatzeAoE · wall_segment Palisade Wall x4 |
| 18:08 | MatzeAoE · wall_segment Palisade Wall x2 |
| 18:12 | MatzeAoE · wall_segment Palisade Wall x1 |
| 18:13 | MatzeAoE · wall_segment Palisade Wall x1 |
| 18:41 | Macluffy · wall_segment Palisade Wall x1 |
| 18:45 | MatzeAoE · wall_segment Palisade Wall x1 |
| 19:21 | Macluffy · wall_segment Palisade Wall x1 |
| 19:35 | Macluffy · wall_segment Palisade Wall x8 |
| 19:37 | MatzeAoE · wall_segment Palisade Wall x1 |
| 19:42 | MatzeAoE · wall_segment Palisade Wall x1 |
| 20:08 | Macluffy · wall_segment Palisade Wall x1 |
| 20:39 | MatzeAoE · wall_segment Palisade Wall x11 |
| 20:46 | MatzeAoE · wall_segment Palisade Wall x6 |
| 21:14 | Macluffy · wall_segment Palisade Wall x1 |
| 21:16 | MatzeAoE · wall_segment Palisade Wall x1 |
| 21:34 | Macluffy · wall_segment Palisade Wall x1 |
| 21:36 | MatzeAoE · wall_segment Palisade Wall x1 |
| 21:36 | Macluffy · wall_segment Palisade Wall x1 |
| 21:54 | Macluffy · wall_segment Palisade Wall x1 |
| 21:55 | Macluffy · wall_segment Palisade Wall x1 |
| 21:55 | Macluffy · wall_segment Palisade Wall x1 |
| 24:01 | MatzeAoE · age_up feudal |
| 24:46 | Macluffy · wall_segment Palisade Wall x1 |
| 24:57 | Macluffy · age_up feudal |
| 25:03 | Macluffy · wall_segment Stone Wall x7 |
| 25:04 | Macluffy · wall_segment Stone Wall x4 |
| 26:06 | Macluffy · first_market_buy 100 food |
| 26:58 | MatzeAoE · wall_segment Palisade Wall x1 |
| 29:15 | Macluffy · age_up castle |
| 29:26 | Macluffy · first_building Castle |
| 30:23 | MatzeAoE · wall_segment Stone Wall x3 |
| 30:23 | Macluffy · wall_segment Palisade Wall x1 |
| 30:36 | MatzeAoE · first_market_buy 100 food |
| 30:38 | Macluffy · first_market_sell 100 wood |
| 30:43 | MatzeAoE · wall_segment Stone Wall x6 |
| 30:45 | MatzeAoE · wall_segment Stone Wall x1 |
| 31:41 | Macluffy · wall_segment Palisade Wall x1 |
| 31:46 | Macluffy · wall_segment Palisade Wall x1 |
| 32:14 | MatzeAoE · wall_segment Stone Wall x10 |
| 32:24 | MatzeAoE · wall_segment Stone Wall x1 |
| 32:27 | MatzeAoE · wall_segment Stone Wall x1 |
| 32:54 | MatzeAoE · wall_segment Stone Wall x1 |
| 33:19 | MatzeAoE · age_up castle |
| 33:22 | MatzeAoE · first_building Castle |
| 33:27 | MatzeAoE · first_market_sell 500 wood |
| 35:11 | MatzeAoE · wall_segment Palisade Wall x1 |
| 35:12 | MatzeAoE · wall_segment Palisade Wall x1 |
| 35:41 | Macluffy · resign |
[ AI ANALYSIS · 1 CREDIT ]
What really happened in this match?
Wolo.gg analyzes every decision: build order, eco, micro, common mistakes by bracket. Personalized analysis on WhatsApp or Discord in 30 seconds.
Civ guide
Spanish
Perfil
Jugador #453821